 Dungeon Crawl Stone Soup version 0.30-a0-368-g86fb4627a9 (webtiles) character file.

Game seed: 16133487999845972229

10248 oldriver the Fighter (level 11, -6/88 HPs)
             Began as a Mummy Necromancer on Nov 19, 2022.
             Was a Believer of Hepliaklqana.
             Mangled by a swamp worm (11 damage)
             ... on level 1 of the Lair of Beasts.
             The game lasted 00:17:38 (11547 turns).

oldriver the Fighter (Mummy Necromancer)           Turns: 11547, Time: 00:17:38

Health: -6/88      AC: 15    Str: 12    XL:     11   Next: 33%
Magic:  0/32       EV: 16    Int: 18    God:    Hepliaklqana [**....]
Gold:   503        SH:  0    Dex: 13    Spells: 27/35 levels left

rFire   . . .      SeeInvis .    v - +4 long sword
rCold   + + .      Faith    +    (no shield)
rNeg    + + +      Spirit   +    k - +4 moon troll leather armour {Spirit, Regen++ MP+5}
rPois   ∞          Reflect  .    (no helmet)
rElec   .          Harm     .    e - scarf {rC+ rF+}
rCorr   .          Rampage  .    r - +1 pair of gloves
Will    +....                    y - +0 pair of boots
Stlth   +.........               (no amulet)
HPRegen 1.94/turn                d - +4 ring of evasion
MPRegen 0.23/turn                w - +4 ring of protection

@: about to teleport, animating dead, very slow
A: reduced essence, cold resistance 1, negative energy resistance 3, torment
resistance 2, heat vulnerability 1, in touch with death 1, no potions, faith
a: Renounce Religion, Recall Ancestor, Ancestor Identity


You were on level 1 of the Lair of Beasts.
You worshipped Hepliaklqana.
Hepliaklqana was pleased with you.
You visited 3 branches of the dungeon, and saw 11 of its levels.
You also visited: Bailey.

You collected 503 gold pieces.

Inventory:

Hand Weapons
 a - a +2 morningstar of venom
 i - a +1 dagger of venom
 v - a +4 long sword (weapon)
Missiles
 n - a throwing net
Armour
 e - a scarf of resistance (worn)
 k - the +4 moon troll leather armour (worn) {Spirit, Regen++ MP+5}
   (You found it on level 2 of the Dungeon)

   MP:        It affects your magic capacity (+5).
   Regen:     It increases your rate of health regeneration.
 q - a +0 tower shield
 r - a +1 pair of gloves (worn)
 y - a +0 pair of boots (worn)
Jewellery
 d - a +4 ring of evasion (left hand)
 o - a ring of ice
 w - a +4 ring of protection (right hand)
Wands
 l - a wand of charming (7)
 p - a wand of roots (11)
 t - a wand of digging (5)
 z - a wand of light (6)
 A - a wand of polymorph (14)
Scrolls
 b - 3 scrolls of identify
 c - a scroll of torment
 f - 2 scrolls of summoning
 g - a scroll of amnesia
 h - a scroll of fog
 j - a scroll of vulnerability
 m - a scroll of enchant weapon
 s - a scroll of immolation
 u - 2 scrolls of noise
 x - a scroll of teleportation


   Skills:
 * Level 13.1 Fighting
 - Level 3.0 Armour
 - Level 3.0 Dodging
 - Level 1.5 Stealth
 + Level 12.9 Spellcasting
 - Level 5.0 Necromancy


You had 27 spell levels left.
You knew the following spells:

 Your Spells              Type           Power      Damage    Failure   Level
a - Necrotise             Necr           100%       1d9       1%          1
b - Vampiric Draining     Necr           44%        2d9       3%          3
c - Animate Dead          Necr           44%        N/A       10%         4

Your spell library contained the following spells:

 Spells                   Type           Power      Damage    Failure   Level
 Ensorcelled Hibernation  Hex/Ice        22%        N/A       12%         2
 Passwall                 Tmut/Erth      9%         N/A       12%         2
 Call Canine Familiar     Summ           11%        N/A       22%         3
 Portal Projectile        Hex/Tloc       22%        N/A       22%         3
 Swiftness                Air            11%        N/A       22%         3
 Agony                    Necr           44%        N/A       26%         5
 Leda's Liquefaction      Hex/Erth       5%         N/A       58%         4


Dungeon Overview and Level Annotations

Branches:
Dungeon (9/15)             Temple (1/1) D:4            Lair (1/5) D:8
 Bailey (visited)
    Orc: D:9-12

Altars:
Ashenzari
Cheibriados
Dithmenos
Fedhas
Gozag
Hepliaklqana
Kikubaaqudgha
Makhleb
Nemelex Xobeh
Okawaru
Qazlal
Ru
Sif Muna
Trog
Vehumet
Wu Jian
Xom
Yredelemnul

Annotations:
D:5 2 runed translucent doors


Innate Abilities, Weirdness & Mutations

Your life essence is reduced to manifest your ancestor. (-10% HP)
You are immune to poison.
Your flesh is cold resistant. (rC+)
You are immune to negative energy. (rN+++)
You are immune to unholy pain and torment.
You are vulnerable to heat. (rF-)
You are in touch with the powers of death.
You do not drink.
You have a special connection with the divine. (Faith)


Message History

The swamp worm closely misses you. The blink frog hits you!
The swamp worm bites you!
* * * LOW HITPOINT WARNING * * *
Your swamp worm zombie closely misses the swamp worm.
The swamp worm bites you but does no damage.
The black mamba bites your water moccasin skeleton!
As you read the scroll labelled ATAZEV ZUE, it crumbles to dust.
You feel strangely unstable.
It was a scroll of teleportation.
The cane toad stings the plant!
The blink frog blinks!
The blink frog hits your wyvern!
The blink frog blinks!
The black mamba barely misses your water moccasin skeleton.
The blink frog misses you.
The swamp worm bites you but does no damage.
Your water moccasin skeleton misses the blink frog.
Your wyvern closely misses the blink frog.
Your water moccasin misses the swamp worm.
The swamp worm bites you!
* * * LOW HITPOINT WARNING * * *
The swamp worm bites you!
* * * LOW HITPOINT WARNING * * *
Your cane toad barely misses the swamp worm.
Your swamp worm zombie bites the swamp worm.
You can't drink.
Really read the scroll of torment near your water moccasin, cane toad and wyvern?
As you read the scroll of torment, it crumbles to dust.
You feel a surge of unholy energy.
The swamp worm convulses!
The blink frog convulses!
The swamp worm convulses! x2
Your wyvern convulses!
Your water moccasin convulses!
The blink frog convulses!
Your cane toad convulses!
The black mamba convulses!
The cane toad convulses!
Your cane toad dissolves into shadows!
Your water moccasin dissolves into shadows!
Your wyvern dissolves into shadows!
The black mamba bites your water moccasin skeleton.
A bullfrog comes into view.
The blink frog barely misses you.
Your water moccasin skeleton closely misses the blink frog.
The swamp worm bites you!
You die...

### ##~## #~~~#
##~~)## )~~~~
.~≈##~~Z##≈~.##
#~~~#www#~~~.)#
#~~##@##§~..# .
##~FPPF§~#.# ##
..##.~F~FZS~P.##..#
......~~~~~........
...................
.......<...........
...################
..


You could see a black mamba, a cane toad, 3 swamp worms, 2 blink frogs, a
bullfrog, a friendly swamp worm zombie and a friendly water moccasin skeleton.

Vanquished Creatures
  Erica (D:8)
  A boulder beetle (D:8)
  A two-headed ogre (D:9)
  3 death yaks
  An orc knight (Bailey)
  Prince Ribbit (D:5)
  A shadow (D:8)
  4 yaks (D:8)
  3 wyverns
  A steam dragon (D:9)
  Edmund (D:5)
  Menkaure (D:7)
  A swamp worm (Lair:1)
  4 water moccasins
  5 black bears
  2 sky beasts (D:6)
  A centaur (D:9)
  A kobold brigand (D:9)
  4 scorpions
  3 bullfrogs
  A wight (D:7)
  4 killer bees (D:8)
  An electric eel (D:9)
  8 hounds
  3 jellies
  An orc priest (D:9)
  3 iguanas
  5 orc wizards
  15 gnolls
  7 adders
  2 shadow imps
  4 worms
  A dart slug (D:3)
  32 orcs
  7 ball pythons
  7 endoplasms
  6 goblins
  10 hobgoblins
  3 jackals (D:1)
  9 kobolds
  8 quokkas
  6 bats
  3 frilled lizards (D:3)
  6 rats
192 creatures vanquished.

Vanquished Creatures (collateral kills)
  A blink frog (Lair:1)
  3 yaks
  2 steam dragons (D:8)
  An orc warrior (D:9)
  A black bear (D:5)
  An ogre (D:5)
  8 wights
  An electric eel (D:9)
  3 orc priests (D:8)
  An orc wizard (D:9)
  2 gnolls
  12 orcs
  A jackal (D:1)
  A ball python (D:2)
  A kobold (D:9)
39 creatures vanquished.

Vanquished Creatures (others)
  A wyvern zombie (D:9)
  A yak zombie (D:8)
  5 battlemagi
  6 ancestors
  A steam dragon zombie (D:8)
  A kobold (D:9)
  2 kobold zombies (D:9)
  2 orc zombies
  2 plants (Lair:1)
21 creatures vanquished.

Grand Total: 252 creatures vanquished

Notes
Turn   | Place    | Note
-------+----------+-------------------------------------------
     0 | D:1      | oldriver the Mummy Necromancer began the quest for the Orb.
     0 | D:1      | Reached XP level 1. HP: 13/13 MP: 4/4
   313 | D:1      | Reached XP level 2. HP: 20/20 MP: 4/6
   596 | D:1      | Reached skill level 1 in Fighting
  1156 | D:2      | Identified the +2 robe of Death Resistance {-Cast Will+
                  | Stlth+}
  1271 | D:2      | Gained mutation: You are in touch with the powers of death.
                  | [Mummy growth]
  1271 | D:2      | Reached XP level 3. HP: 26/26 MP: 6/8
  1738 | D:2      | Reached skill level 2 in Fighting
  1755 | D:2      | Reached XP level 4. HP: 33/33 MP: 0/10
  1875 | D:2      | Identified the +1 leather armour of Inference {*Corrode
                  | Str+3 Dex+4}
  2019 | D:2      | Found the +4 moon troll leather armour {Spirit, Regen++
                  | MP+5}
  2348 | D:3      | Found a shimmering altar of Xom.
  2409 | D:3      | Found a burning altar of Makhleb.
  2797 | D:3      | Noticed a black bear
  2821 | D:3      | Killed a black bear
  2822 | D:3      | Reached skill level 3 in Fighting
  2822 | D:3      | Reached skill level 5 in Spellcasting
  2822 | D:3      | Reached XP level 5. HP: 34/41 MP: 2/12
  3569 | D:4      | Noticed a black bear
  3605 | D:3      | Learned a level 3 spell: Vampiric Draining
  3610 | D:3      | Learned a level 4 spell: Animate Dead
  3756 | D:4      | Found a basalt altar of Yredelemnul.
  3802 | D:4      | Killed a black bear
  3803 | D:4      | Reached skill level 4 in Fighting
  3803 | D:4      | Reached XP level 6. HP: 48/48 MP: 12/15
  4032 | D:4      | Found an ancient bone altar of Kikubaaqudgha.
  4245 | D:4      | Found a staircase to the Ecumenical Temple.
  4561 | D:4      | Reached XP level 7. HP: 55/55 MP: 8/17
  4605 | Temple   | Entered the Ecumenical Temple
  4897 | D:5      | Entered Level 5 of the Dungeon
  5009 | D:5      | Found a large runed translucent door.
  5010 | D:5      | Found a large runed translucent door.
  5036 | D:5      | Reached skill level 5 in Fighting
  5471 | D:5      | Reached skill level 6 in Fighting
  5617 | D:5      | Noticed Prince Ribbit
  5628 | D:5      | Killed Prince Ribbit
  5629 | D:5      | Reached XP level 8. HP: 56/65 MP: 5/20
  5750 | D:5      | Found a hazy altar of Hepliaklqana.
  5812 | D:5      | Became a worshipper of Hepliaklqana the Forgotten
  5880 | D:5      | Reached skill level 7 in Fighting
  6214 | D:5      | Noticed Edmund
  6221 | D:5      | Killed Edmund
  6222 | D:5      | Reached skill level 8 in Fighting
  6411 | D:6      | Reached skill level 1 in Armour
  6530 | D:6      | Found an opulent altar of Gozag.
  6631 | D:6      | Reached XP level 9. HP: 75/75 MP: 17/22
  7072 | D:6      | Found a sacrificial altar of Ru.
  7074 | D:6      | Found a radiant altar of Vehumet.
  7074 | D:6      | Found a blossoming altar of Fedhas.
  7075 | D:6      | Found a stormy altar of Qazlal.
  7238 | D:7      | Found a flagged portal.
  7360 | D:7      | Noticed Menkaure
  7401 | D:7      | Killed Menkaure
  7428 | Bailey   | Entered a bailey
  7569 | Bailey   | Reached * piety under Hepliaklqana
  7583 | Bailey   | Reached skill level 5 in Necromancy
  7701 | Bailey   | Noticed an orc knight
  7719 | Bailey   | Killed an orc knight
  7720 | Bailey   | Reached skill level 9 in Fighting
  7720 | Bailey   | Reached skill level 10 in Spellcasting
  8729 | D:8      | Noticed a death yak
  8736 | D:8      | Noticed a death yak
  8736 | D:8      | Noticed a death yak
  8794 | D:8      | Reached XP level 10. HP: 76/76 MP: 17/24
  8893 | D:8      | Reached skill level 10 in Fighting
  9101 | D:8      | Found a staircase to the Lair.
  9555 | D:7      | Killed a death yak
  9668 | D:8      | Reached ** piety under Hepliaklqana
  9669 | D:8      | Remembered your ancestor Teicuih as a battlemage
  9832 | D:8      | Reached skill level 11 in Fighting
  9849 | D:8      | Killed a death yak
 10050 | D:8      | Noticed a boulder beetle
 10080 | D:8      | Killed a boulder beetle
 10496 | D:8      | Killed a death yak
 10497 | D:8      | Reached skill level 12 in Fighting
 10685 | D:8      | Noticed Erica
 10698 | D:8      | Killed Erica
 10699 | D:8      | Reached XP level 11. HP: 79/86 MP: 10/27
 11011 | D:9      | Noticed a two-headed ogre
 11024 | D:9      | Killed a two-headed ogre
 11032 | D:9      | Identified the +1 scale mail of Generosity {Str-3 Dex+6}
 11387 | D:8      | Reached skill level 13 in Fighting
 11526 | Lair:1   | Entered Level 1 of the Lair of Beasts
 11546 | Lair:1   | HP: 3/88 [swamp worm (8)]
 11547 | Lair:1   | Mangled by a swamp worm

Illustrated notes

Levels and vault maps discovered:
D:1:      spicycebolla_arrival_ecumenical, layout_basic, chequers_mini_garden
D:2:      layout_loops_ring
D:3:      minmay_general_purpose_star, layout_loops_corners,
          mainiacjoe_overflow_catwalk, xom_teletrap_fun
D:4:      layout_loops_ring, kennysheep_mini_moat, yredelemnul_altar_generic,
          minmay_temple_entry_nine_rooms, roderic_st_hans_cross, minivault_14
D:5:      minmay_opposing_rooms, layout_basic, amcnicky_altar_gilded,
          jmf_multi_god_temple2, minmay_quadrilaterals, uniq_edmund,
          uniq_prince_ribbit1
D:6:      layout_rooms, chequers_temple_overflow_statue_of_worship,
          mainiacjoe_overflow_small_starburst
D:7:      layout_rooms, enter_bailey_5, minmay_door_square, nrook_mini_vaults,
          uniq_menkaure
D:8:      layout_loops_corners, dpeg_lair_monsters, kennysheep_doodads,
          corexii_hall_statues_x, kennysheep_crisscross, uniq_erica
D:9:      layout_big_octagon, kennysheep_boxes
Temple:   hellmonk_temple_flake
Lair:1:   layout_hall_layers, worms_lemuel, serial_bayou_shore_a

Skill      XL: |  1  2  3  4  5  6  7  8  9 10 11 |
---------------+----------------------------------+-----
Spellcasting   | 3 4 5 6 7 8 9 10 12 | 12.9
Fighting       | 1 2 3 4 6 8 9 12 13 | 13.1
Armour         | 1 3 |  3.0
Dodging        | 2 3 |  3.0
Necromancy     | 5 |  5.0
Stealth        | |  1.5

Action                   |  1- 3 |  4- 6 |  7- 9 | 10-12 || total
-------------------------+-------+-------+-------+-------++-------
Melee: Unarmed           |    16 |       |       |       ||    16
       Dagger            |       |    14 |   117 |       ||   131
       Punch             |       |       |     3 |     1 ||     4
       Long sword        |       |       |       |    60 ||    60
 Cast: Necrotise         |    74 |   101 |   247 |   119 ||   541
       Vampiric Draining |       |     1 |    26 |    41 ||    68
       Animate Dead      |       |       |     3 |     8 ||    11
Invok: Recall Ancestor   |       |       |       |     3 ||     3
       Ancestor Life: Ba |       |       |       |     1 ||     1
Evoke: Wand              |       |       |       |     1 ||     1
  Use: Scroll            |       |     5 |     5 |     4 ||    14
Armor: Robe              |     5 |       |       |       ||     5
       Troll leather arm |       |    27 |    54 |    58 ||   139
Dodge: Dodged            |    37 |    93 |   226 |   168 ||   524

Table legend: (Time is in decaauts)
 A = Elapsed time spent in this place.
 B = Non-inter-level travel time spent in this place.
 C = Inter-level travel time spent in this place.
 D = Time resting spent in this place.
 E = Time spent auto-exploring this place.
 F = Levels seen in this place.
 G = Mean time per level.
                   A        B        C        D        E       F      G
               +--------+--------+--------+--------+--------+-----+--------+
         Total |  11573 |  10935 |    638 |    760 |   8060 |  12 |  964.4 |
       Dungeon |  10729 |  10103 |    626 |    553 |   7639 |   9 | 1192.1 |
        Temple |    180 |    170 |     10 |      0 |    160 |   1 |  180.0 |
          Lair |     20 |     20 |      0 |      0 |      0 |   1 |   20.0 |
        Bailey |    642 |    642 |      0 |    207 |    261 |   1 |  642.0 |
               +--------+--------+--------+--------+--------+-----+--------+

Top non-repeatable levels by time:
     D:8: 1771 daAuts
     D:5: 1494 daAuts
     D:3: 1313 daAuts
     D:7: 1311 daAuts
     D:2: 1169 daAuts
     D:4: 1120 daAuts
     D:1: 1112 daAuts
     D:6: 916 daAuts
  Bailey: 642 daAuts
     D:9: 520 daAuts
  Temple: 180 daAuts
  Lair:1: 20 daAuts
